 Dungeon Crawl Stone Soup version 0.30-a0-54-g2e61a25929 (webtiles) character file.

Game seed: 18134829182660099413

329 hirly the Chopper (level 6, -4/48 HPs)
             Began as a Demonspawn Abyssal Knight on Sept 8, 2022.
             Was a Believer of Lugonu.
             Splashed by a jelly's acid (9 damage)
             ... on level 6 of the Dungeon.
             The game lasted 00:13:56 (2441 turns).

hirly the Chopper (Demonspawn Abyssal Knight)       Turns: 2441, Time: 00:13:58

Health: -4/48      AC: -2    Str: 14    XL:     6   Next: 25%
Magic:  7/7        EV:  6    Int: 16    God:    Lugonu [**....]
Gold:   51         SH:  4    Dex: 14    Spells: 5/5 levels left

rFire   . . .      SeeInvis .    q - +0 war axe
rCold   . . .      Faith    .    (no shield)
rNeg    . . .      Spirit   .    e - +0 chain mail
rPois   .          Reflect  .    (helmet restricted)
rElec   .          Harm     .    (no cloak)
rCorr   .          Rampage  .    (no gloves)
Will    .....                    (no boots)
Stlth   ..........               (no amulet)
HPRegen 0.16/turn                (no ring)
MPRegen 0.10/turn                (no ring)

@: corroded
A: condensation shield, weakness stinger 1, antennae 1, thin skeletal structure
1, clever 1, MP-powered wands
a: Renounce Religion, Depart the Abyss, Bend Space


You were on level 6 of the Dungeon.
You worshipped Lugonu.
Lugonu was pleased with you.
You visited 1 branch of the dungeon, and saw 4 of its levels.
You visited the Abyss 1 time.

You collected 51 gold pieces.

Inventory:

Hand Weapons
 q - a +0 war axe (weapon)
Missiles
 c - 8 poisoned darts
Armour
 b - a +0 leather armour
 e - a +0 chain mail (worn)
Jewellery
 f - an amulet of faith
Scrolls
 d - 7 scrolls of identify {unknown}
 i - a scroll of enchant armour {unknown}
 j - a scroll of teleportation {unknown}
 o - a scroll of enchant weapon {unknown}
 s - a scroll of brand weapon {unknown}
Potions
 h - a potion of brilliance
 l - a potion of mutation
 n - a potion of might {unknown}
 p - a potion of haste {unknown}
 r - a potion of invisibility {unknown}


   Skills:
 + Level 4.1 Fighting
 + Level 4.4 Axes
 + Level 3.5 Armour
 - Level 0.8 Dodging
 + Level 0.2 Stealth
 - Level 2.4 Invocations


You had 5 spell levels left.
You didn't know any spells.
Your spell library was empty.

Dungeon Overview and Level Annotations

Branches:
Dungeon (6/15)
 Temple: D:4-7

Altars:


Innate Abilities, Weirdness & Mutations

A meltable shield of frost defends you. (SH +4)
You have a small tail.
You have a pair of small antennae on your head.
You have a somewhat thin skeletal structure. (Dex +2, Stealth+)
Your mind is acute. (Int +4, Str/Dex -1)
You expend magic power (3 MP) to strengthen your wands.


Message History

You closely miss the phantom.
The phantom is almost destroyed.
The phantom barely misses you.
You barely miss the phantom. Your punch misses the phantom.
The phantom is almost destroyed.
The phantom barely misses you.
You hit the phantom.
The phantom is almost destroyed.
The phantom barely misses you.
You miss the phantom. You tail-slap the phantom.
You destroy the phantom!
Lugonu accepts your kill.
You have reached level 6!
Your demonic ancestry asserts itself...
Frost condenses into a shield before you.
There is an open door here.
A jelly comes into view.
The jelly quivers.
There is an open door here.
You see here an adder skeleton.
You slash the jelly! The acid corrodes you!
Your hands burn!
You tail-slap the jelly.
The jelly is heavily wounded.
The jelly hits you. The acid corrodes you!
You are splashed with acid!
You hit the jelly but do no damage.
Your hands burn!
The jelly is heavily wounded.
The jelly hits you.
You are splashed with acid!
* * * LOW HITPOINT WARNING * * *
You barely miss the jelly. You tail-slap the jelly.
The jelly is heavily wounded.
You block the jelly's attack. x2
Unknown command.
You slash the jelly!
Your hands burn!
* * * LOW HITPOINT WARNING * * *
You tail-slap the jelly, but do no damage.
The jelly is almost dead.
The jelly hits you.
* * * LOW HITPOINT WARNING * * *
The acid corrodes you!
You are splashed with acid!
You die...

# #. ...
#.#.###.#
##'#.#.#.#
#......#.##
#.........
'......#.##
#..<...J..# #.#
'......@..# #.#
.#
#...#####รท###
#.# .# #
#.......# #.# .#
#.......# #.# .#
#.......# #.# .#
#####'########.#
.#
#..........##.##
#.#...#
##########......
##.#...# #.##.##


You could see a jelly.

Vanquished Creatures
  A phantom (D:6)
  A kobold brigand (D:6)
  A bullfrog (D:6)
  A jelly (D:6)
  Jessica (D:2)
  2 adders
  2 worms (D:2)
  A dart slug (D:1)
  4 endoplasms (D:2)
  A giant cockroach (D:1)
  6 goblins
  2 hobgoblins
  6 kobolds
  A quokka (D:2)
  3 bats
  2 frilled lizards (D:2)
  A rat (D:1)
36 creatures vanquished.

Notes
Turn   | Place    | Note
-------+----------+-------------------------------------------
     0 | Abyss:1  | hirly the Demonspawn Abyssal Knight began the quest for the
                  | Orb.
     0 | Abyss:1  | Reached XP level 1. HP: 18/18 MP: 2/2
     1 | D:1      | Escaped the Abyss
   462 | D:1      | Gained mutation: You have a small tail. [demonic ancestry]
   462 | D:1      | Reached XP level 2. HP: 24/24 MP: 3/3
   503 | D:1      | Found a faded altar of an unknown god.
   891 | D:2      | Noticed Jessica
   899 | D:2      | Killed Jessica
   900 | D:2      | Reached XP level 3. HP: 6/29 MP: 4/4
  1645 | D:2      | Reached XP level 4. HP: 37/37 MP: 5/5
  1866 | D:3      | You fall into a shaft and drop 3 floors!
  1902 | D:6      | Noticed a bullfrog
  1907 | D:6      | Killed a bullfrog
  1945 | D:6      | Reached XP level 5. HP: 19/42 MP: 6/6
  2153 | D:6      | Noticed a phantom
  2182 | D:6      | Gained mutation: You expend magic power (3 MP) to
                  | strengthen your wands. [potion of mutation]
  2182 | D:6      | Gained mutation: You have a pair of small antennae on your
                  | head. [potion of mutation]
  2182 | D:6      | Gained mutation: You have a somewhat thin skeletal
                  | structure. (Dex +2, Stealth+) [potion of mutation]
  2182 | D:6      | Gained mutation: Your mind is acute. (Int +4, Str/Dex -1)
                  | [potion of mutation]
  2420 | D:6      | Killed a phantom
  2421 | D:6      | Gained mutation: A meltable shield of frost defends you.
                  | (SH +4) [demonic ancestry]
  2421 | D:6      | Reached XP level 6. HP: 35/48 MP: 7/7
  2441 | D:6      | Splashed by a jelly's acid

Illustrated notes

Levels and vault maps discovered:
D:1:      shiori_arrival_maze, layout_basic, ebering_ecumenical_altar_petrified
D:2:      layout_loops_ring, kennysheep_generic_room_10, uniq_jessica
D:3:      minmay_roachtagon, layout_basic
D:6:      layout_basic, nicolae_wu_jian_wuxing_cycle

Skill      XL: |  1  2  3  4  5 |
---------------+----------------+-----
Axes           | 2 3 4 |  4.4
Armour         | 2 3 |  3.5
Fighting       | 4 |  4.1
Dodging        | |  0.8
Stealth        | |  0.2
Invocations    | |  2.4

Action                   |  1- 3 |  4- 6 || total
-------------------------+-------+-------++-------
Melee: Hand axe          |    43 |       ||    43
       Tailslap          |     5 |    10 ||    15
       War axe           |    17 |    73 ||    90
Invok: Bend Space        |       |     1 ||     1
  Use: Potion            |       |     7 ||     7
Armor: Chain mail        |    24 |    35 ||    59
Dodge: Dodged            |    20 |    25 ||    45
Block: Other             |       |     2 ||     2

Table legend: (Time is in decaauts)
 A = Elapsed time spent in this place.
 B = Non-inter-level travel time spent in this place.
 C = Inter-level travel time spent in this place.
 D = Time resting spent in this place.
 E = Time spent auto-exploring this place.
 F = Levels seen in this place.
 G = Mean time per level.
                   A        B        C        D        E       F      G
               +--------+--------+--------+--------+--------+-----+--------+
         Total |   2476 |   2452 |     24 |    766 |    904 |   5 |  495.2 |
       Dungeon |   2475 |   2451 |     24 |    766 |    904 |   4 |  618.8 |
         Abyss |      1 |      1 |      0 |      0 |      0 |   1 |    1.0 |
               +--------+--------+--------+--------+--------+-----+--------+

Top non-repeatable levels by time:
     D:2: 1189 daAuts
     D:1: 683 daAuts
     D:6: 595 daAuts
     D:3: 6 daAuts
 Abyss:1: 1 daAuts
